 Dungeon Crawl Stone Soup version 0.22-a0-521-gb1378044ac (webtiles) character file.

4 M4edhros the Grave Robber (level 1, -2/11 HPs)
             Began as an Octopode Necromancer on June 20, 2018.
             Slain by a goblin (3 damage)
             ... on level 3 of the Dungeon.
             The game lasted 00:00:46 (124 turns).

M4edhros the Grave Robber (Octopode Necromancer)     Turns: 124, Time: 00:00:46

Health: -2/11      AC:  2    Str:  7    XL:     1   Next: 60%
Magic:  0/3        EV: 13    Int: 17    God:
Gold:   21         SH:  0    Dex: 12    Spells: 2/4 levels left

rFire    . . .     SeeInvis .     - Unarmed
rCold    . . .     Gourm    .   (no shield)
rNeg     . . .     Faith    .   a - +1 hat
rPois    .         Spirit   .   (no amulet)
rElec    .         Reflect  .   (no ring)
rCorr    .         Harm     .   (no ring)
MR       .....                  (no ring)
Stlth    +++.......             (no ring)
HPRegen  0.03/turn              (no ring)
MPRegen  0.08/turn              (no ring)
                                (no ring)
                                (no ring)

@: no status effects
A: almost no armour, stealthy swim, amphibious, 8 rings, constrict 8, camouflage
1, gelatinous body 1
a: no special abilities


You were on level 3 of the Dungeon.
You were not hungry.

You visited 1 branch of the dungeon, and saw 3 of its levels.

You collected 21 gold pieces.

Inventory:

Armour
 a - a +1 hat (worn)
Potions
 d - a potion of curing {unknown}
Comestibles
 b - a ration
 c - 3 chunks of flesh


   Skills:
 - Level 2.0 Dodging
 - Level 2.6 Stealth
 + Level 1.1 Unarmed Combat
 - Level 2.0 Spellcasting
 - Level 4.0 Necromancy


You had 2 spell levels left.
You knew the following spells:

 Your Spells              Type           Power        Failure   Level  Hunger
a - Pain                  Necr           ###.         3%          1    #......
b - Animate Skeleton      Necr           N/A          3%          1    #......

Your spell library contained the following spells:

 Spells                   Type           Power        Failure   Level  Hunger
 Animate Dead             Necr           N/A          36%         4    #####..
 Vampiric Draining        Necr           ###.......   11%         3    ###....
 Regeneration             Chrm/Necr      #.........   26%         3    ###....


Dungeon Overview and Level Annotations

Branches:
Dungeon (3/15)

Altars:
Fedhas


Innate Abilities, Weirdness & Mutations

You cannot wear most types of armour.
You are very stealthy in the water. (Stealth+)
You are amphibious.
You can wear up to eight rings at the same time.
You can use your tentacles to constrict eight enemies at once.
Your skin changes colour to match your surroundings (Stealth+).
Your rubbery body absorbs attacks. (AC +1, EV +1)


Message History

* * * LOW HITPOINT WARNING * * *
You see here a stone.
Casting: Pain (safe; 3% risk of failure)
Confirm with . or Enter, or press ? or * to list all spells.
Aiming: Pain (safe; 3% risk of failure)
Press: ? - help, Shift-Dir - straight line, f/p - orc
Aim: an orc, wielding a mace and wearing a ring mail (severely wounded, chance to defeat MR: 85%)
The orc writhes in agony!
You kill the orc!
Your Unarmed Combat skill increases to level 1!
A goblin comes into view.
The goblin shouts!
The goblin barely misses you.
Casting: Pain (safe; 3% risk of failure)
Confirm with . or Enter, or press ? or * to list all spells.
Aiming: Pain (safe; 3% risk of failure)
Press: ? - help, Shift-Dir - straight line, f - goblin
Aim: a goblin (chance to defeat MR: 85%)
The goblin barely resists.
The goblin hits you.
You die...

#..............#
#..............#
..<...........##
.##........<...# #.
###.########.# .. #.#
#.# .# #.# #.# .#
.####.# #.g## .#
.....(# #.@####.#
####..# ##.g.K..#
#...## #####..#
#....### #...####.
#...##...# #.)......#
#.##
###Z##########...######
#. ####.?....#K(...#..#
# #.......Z...###.##.#
....#########..........


You could see 2 goblins and a kobold.

Vanquished Creatures
  An orc (D:3)
  A quokka (D:3)
  2 rats
4 creatures vanquished.

Notes
Turn   | Place    | Note
-------+----------+-------------------------------------------
     0 | D:1      | M4edhros the Octopode Necromancer began the quest for the Orb.
     0 | D:1      | Reached XP level 1. HP: 11/11 MP: 3/3
    48 | D:2      | Found a blossoming altar of Fedhas.
    73 | D:3      | Learned a level 1 spell: Animate Skeleton
   119 | D:3      | Reached skill level 1 in Unarmed Combat
   124 | D:3      | Slain by a goblin

Vault maps used:
D:1:      minmay_arrival_four_houses, grunt_decor_clamped
D:2:      lemuel_upstairs_altar, first_ration
D:3:      serial_bayou_crossing

Skill      XL: |  1 |
---------------+----+-----
Unarmed Combat | 1 |  1.1
Dodging        | |  2.0
Stealth        | |  2.6
Spellcasting   | |  2.0
Necromancy     | |  4.0

Action                   || total
-------------------------++-------
Melee: Unarmed           ||     8
       Constrict         ||     1
       Tentacles         ||     1
 Cast: Pain              ||     5
       Animate Skeleton  ||     2
 Stab: Sleeping          ||     2
Dodge: Dodged            ||     6

Table legend:
 A = Spawn XP
 B = Non-spawn XP
 C = Spawn XP percentage of total XP
 D = Spawn monster count
 E = Non-spawn monster count
 F = Spawn count percentage of total count
 G = Total turns spent on level
                    A         B        C        D         E        F      G
               +---------+---------+-------+---------+---------+-------+---------
         Total |       0 |       6 |   0.0 |       0 |       4 |   0.0 |   124
               +---------+---------+-------+---------+---------+-------+---------
           D:1 |       0 |       1 |   0.0 |       0 |       1 |   0.0 |    48
           D:3 |       0 |       5 |   0.0 |       0 |       3 |   0.0 |    64
               +---------+---------+-------+---------+---------+-------+---------
